cohdb
Replays
Latest Replays
All Replays
Popular Replays
Top Player Replays
Match Explorer
How It Works
Community
CoH3 Stats
Reddit
Sign in to upload your games and track your stats! →
Sign in with Steam
Match 45482371
Unlisted
Match 45482371
Overview
Messages
Build Orders
End
Construct Section Command Post
Royal Engineer Section
Dingo Light Scout Car
Dingo Light Scout Car
Construct Platoon Command Post
Selects Heavy Armor Battlegroup
Selects Heavy Armor Battlegroup
Selects Rigorous Vehicle Training
Humber Armored Car
Selects Light Vehicle Withdraw and Refit
Selects Radio Net
Humber Armored Car
6-pounder Anti-tank Gun Team
Light Vehicle Training
Radio Net
Arces
borys771
thdgnstjr23
撸啊撸么么叁
JareK
mi prima de Cifuentes
Luft Waffle
Der Heidenkaiser
0
0
Comments
sign in to comment!
No comments posted yet!